 Dungeon Crawl Stone Soup version 0.31-a0-702-gf82c85558f (webtiles) character file.

Game seed: 12121810509289444053

75266 qw the Marksgargoyle (level 15, -14/100 HPs)
             Began as a Gargoyle Hunter on Sept 7, 2023.
             Was an Elder of Okawaru.
             Demolished by a skeletal warrior
             ... wielding a +0 hand axe
             ... led by a death knight
              (18 damage)
             ... on level 14 of the Dungeon.
             The game lasted 00:09:55 (18119 turns).

qw the Marksgargoyle (Gargoyle Hunter)             Turns: 18119, Time: 00:09:56

Health: -14/100    AC: 22    Str: 18      XL:     15   Next: 49%
Magic:  20/22      EV: 20    Int: 10 (11) God:    Okawaru [****..]
Gold:   1661       SH:  0    Dex: 19      Spells: 14/14 levels left

rFire   + . .        Y - +6 longbow
rCold   . . .        (shield currently unavailable)
rNeg    + . .        q - +0 troll leather armour
rPois   inf          j - +0 helmet
rElec   +            (no cloak)
rCorr   .            k - +2 pair of gloves
SInv    +            h - +0 pair of boots of Okawaru's Hatred {+Inv rF+ Str+3}
Will    +....        b - amulet of the acrobat
Stlth   +++          p - +4 ring of slaying {mikee}
HPRegen 1.16/turn    u - ring of see invisible
MPRegen 0.18/turn

%: acrobat
@: heroic, marked, flying
A: sickness immunity, AC +11, big wings, negative energy resistance 1,
electricity resistance, torment resistance 1, petrification resistance
a: Renounce Religion, Evoke Invisibility, Heroism, Finesse


You were on level 14 of the Dungeon.
You worshipped Okawaru.
Okawaru was greatly pleased with you.
You visited 3 branches of the dungeon, and saw 20 of its levels.

You collected 1661 gold pieces.


Innate Abilities, Weirdness & Mutations

You are immune to sickness and miasma.
Your stone body is resilient. (AC +11)
You are immune to poison.
Your large and strong wings let you fly.
You resist negative energy. (rN+)
You are resistant to electric shocks. (rElec)
You are resistant to unholy torment.
You are immune to petrification.


   Skills:
 - Level 14.3(19.3) Fighting
 + Level 19.5(24.5) Ranged Weapons
 - Level 6.0(11.0) Armour
 - Level 8.1(13.1) Dodging
 - Level 1.1(6.1) Stealth
 - Level 10.0 Invocations


You had 14 spell levels left.
You didn't know any spells.
Your spell library was empty.

Inventory:

Hand Weapons
 Y - a +6 longbow (weapon)
Armour
 h - the +0 pair of boots of Okawaru's Hatred (worn) {+Inv rF+ Str+3}
   (Okawaru gifted it to you on level 3 of the Lair of Beasts)

   Str+3:     It affects your strength (+3).
   rF+:       It protects you from fire.
   +Inv:      It lets you turn invisible.
 i - the +3 hat of Pondering {ponderous, Will+ MP+10 Int+5}
   (You took it off Gastronok on level 8 of the Dungeon)

   Int+5:     It affects your intelligence (+5).
   Will+:     It increases your willpower.
   MP+10:     It affects your magic capacity (+10).
 j - a +0 helmet (worn)
 k - a +2 pair of gloves (worn)
 q - a +0 troll leather armour (worn)
Jewellery
 b - an amulet of the acrobat (around neck)
 l - a ring of ice
 p - a +4 ring of slaying (left hand) {mikee}
 s - a ring of fire
 u - a ring of see invisible (right hand)
 w - a +6 ring of strength
Scrolls
 e - 7 scrolls of identify
Potions
 a - 4 potions of haste
 c - 3 potions of enlightenment
 d - 7 potions of curing
 f - 4 potions of might
 m - 2 potions of cancellation
 n - 2 potions of resistance
 o - a potion of magic
 r - a potion of mutation

Dungeon Overview and Level Annotations

Branches:
Dungeon (14/15)            Temple (1/1) D:5            Lair (5/5) D:11
 Shoals (0/4) Lair:2       Spider (0/4) Lair:3        Slime (0/5) Lair:4
    Orc (0/2) D:11         Vaults (0/5) D:13

Altars:
Ashenzari
Cheibriados
Dithmenos
Elyvilon
Fedhas
Gozag
Hepliaklqana
Kikubaaqudgha
Makhleb
Nemelex Xobeh
Okawaru
Qazlal
Ru
Sif Muna
Trog
Uskayaw
Vehumet
Wu Jian
Xom
Yredelemnul
Zin
The Shining One
Jiyva

Shops:
D:4 =

Annotations:
D:5 1 runed translucent door, Crazy Yiuf
Lair:1 1 runed translucent door


Message History

The death knight barely misses you.
The skeletal warrior completely misses you.
You shoot an arrow. The arrow hits the boulder beetle.
The boulder beetle is severely wounded.
The boulder beetle bites you but does no damage.
The centaur warrior completely misses you.
The centaur warrior misses you. The orange demon closely misses you.
The death knight barely misses you.
You shoot an arrow.
The arrow hits the boulder beetle but does no damage.
The boulder beetle is severely wounded.
The skeletal warrior hits you with a +0 hand axe!
The centaur warrior closely misses you.
The centaur warrior kicks you but does no damage.
The boulder beetle bites you but does no damage.
You shoot an arrow. The arrow hits the boulder beetle.
The boulder beetle is severely wounded.
The centaur warrior hits you but does no damage.
The centaur warrior kicks you but does no damage.
The orange demon barely misses you. The death knight completely misses you.
The skeletal warrior hits you but does no damage.
You shoot an arrow. The arrow hits the boulder beetle.
The boulder beetle is severely wounded.
You feel like a meek peon again.
The boulder beetle completely misses you.
The centaur warrior barely misses you. x2
The orange demon stings you but does no damage.
The death knight hits you with a +0 battleaxe.
The skeletal warrior hits you with a +0 hand axe!
18119 ||| INVOKING Heroism.
You gain the combat prowess of a mighty hero.
The centaur warrior closely misses you. x2
The boulder beetle bites you but does no damage.
The orange demon closely misses you.
A ynoxinul comes into view.
The death knight hits you with a +0 battleaxe!
The centaur warrior hits you but does no damage.
The centaur warrior kicks you but does no damage.
The skeletal warrior hits you with a +0 hand axe!!
You die...

.........# #3)O%..#
.........# .## #.3###.##
.......... ... #4## #.#.
...P.... .. # #.. ##u#.
...... ...#.3.# #..#. .
7...# .7.4... #h#..
....7PP.## ....... #....
........W###34..... ....#.#
.....?..Wp@B33.......u.#..#
........Wz.c4............##
........###44........./.#
........< .3...(...$..#.
.....#..$ .#......... ..
.........## .......
..W...#..# ##.###. W.# ..


You could see a death knight, a boulder beetle, a skeletal warrior, a soul
eater, a centaur warrior, 2 orange demons, a hellwing, an ice devil, a rust
devil, 2 freezing wraiths, a sixfirhy, 2 neqoxecs, a ynoxinul and a wraith.

Vanquished Creatures
  Gastronok (D:8)
  A fire dragon (D:13)
  Josephine (D:10)
  5 hydras
  Fannar (D:11)
  Harold (D:11)
  A centaur warrior (D:13)
  2 catoblepae
  A boulder beetle (D:12)
  Erica (D:9)
  4 death yaks (Lair:5)
  A deep troll shaman (Lair:5)
  5 two-headed ogres
  5 tengu warriors
  2 skysharks
  2 sixfirhies (D:14)
  Lodul (D:10)
  3 lindwurms (Lair:5)
  A wizard (D:14)
  Pikel (D:4)
  5 cyclopes
  9 ugly things
  2 black mambas
  A merfolk siren (Lair:2)
  A salamander (shapeshifter) (D:13)
  An elephant (shapeshifter) (D:13)
  9 elephants
  2 gargoyles (D:13)
  15 cane toads
  Joseph (D:8)
  An orange demon (D:14)
  An unseen horror (D:13)
  5 kobold demonologists
  A rime drake (Lair:2)
  10 komodo dragons
  3 tengu conjurers
  4 trolls
  Grinder (D:5)
  6 polar bears
  A meliai (shapeshifter) (D:13)
  3 merfolk (Lair:2)
  2 hornets
  5 blink frogs (Lair:5)
  12 dream sheep
  6 slime creatures (D:13)
  2 jumping spiders (Lair:3)
  Eustachio (D:4)
  52 yaks
  6 wraiths
  3 wyverns
  A culicivora (Lair:3)
  A steam dragon (D:9)
  7 vampire mosquitoes
  11 basilisks
  2 redbacks (Lair:3)
  Edmund (D:5)
  24 water moccasins
  4 ice beasts
  3 acid dragons
  Duvessa (D:5)
  6 orc warriors
  4 black bears
  9 ogres
  2 sky beasts
  23 wolves
  4 centaurs
  7 kobold brigands
  Blork the orc (D:4)
  18 bullfrogs
  4 scorpions
  5 wights (D:7)
  Dowan (D:5)
  10 howler monkeys
  4 crimson imps (D:10)
  5 jellies
  6 orc priests
  3 hounds (D:5)
  2 gnoll boudas
  Jessica (D:2)
  Ijyb (D:4)
  Natasha (D:2)
  13 orc wizards
  5 iguanas
  2 sleepcaps
  4 hell rats (Lair:5)
  10 gnolls
  7 adders
  8 white imps
  2 dart slugs (D:2)
  49 orcs
  4 bats
  7 endoplasms
  5 giant cockroaches
  3 goblins
  9 hobgoblins
  3 quokkas (D:1)
  3 ball pythons
  3 frilled lizards
  26 kobolds
  4 rats
550 creatures vanquished.

Notes
Turn   | Place    | Note
-------+----------+-------------------------------------------
     0 | D:1      | qw the Gargoyle Hunter began the quest for the Orb.
     0 | D:1      | Reached XP level 1. HP: 12/12 MP: 1/1
     0 | D:1      | 0 ||| qw: Version: 0.3-a-76-g4403597
     0 | D:1      | 0 ||| qw: Game counter: 848
     0 | D:1      | 0 ||| qw: Melee chars always use a shield: true
     0 | D:1      | 0 ||| qw: God list: Okawaru
     0 | D:1      | 0 ||| qw: Allow faded altars: false
     0 | D:1      | 0 ||| qw: Do Orc after clearing Dungeon:15 true
     0 | D:1      | 0 ||| qw: Do second Lair branch before Depths: true
     0 | D:1      | 0 ||| qw: Lair rune preference: random
     0 | D:1      | 0 ||| qw: Goals: Normal
     0 | D:1      | 0 ||| PLANNING D:1-11
   136 | D:1      | Reached XP level 2. HP: 17/17 MP: 2/2
   712 | D:1      | 712 ||| UPGRADING to +0 helmet.
   717 | D:1      | 717 ||| READING scroll labelled SUTRAN EFYN.
   718 | D:1      | 718 ||| READING 2 scrolls labelled YLOEQE LOROME.
   719 | D:1      | 719 ||| READING scroll of enchant weapon.
   719 | D:1      | 719 ||| ENCHANTING +1 shortbow.
   720 | D:1      | 720 ||| READING scroll labelled VUOGYJ NIWKOSK.
   721 | D:1      | 721 ||| READING scroll labelled TAOGHUT EJOHEKH.
   722 | D:1      | 722 ||| DROPPING scroll of butterflies.
   755 | D:2      | 755 ||| STAIRDANCE
   836 | D:2      | Reached XP level 3. HP: 21/21 MP: 3/3
   841 | D:2      | Reached skill level 5 in Ranged Weapons
  1103 | D:2      | 1103 ||| Stepping ~*~*~tactically~*~*~ (outnumbered).
  1108 | D:2      | Reached skill level 3 in Fighting
  1146 | D:2      | Noticed Jessica
  1156 | D:2      | Killed Jessica
  1156 | D:2      | HP: 3/23 [hobgoblin (4)]
  1157 | D:2      | Reached XP level 4. HP: 3/28 MP: 4/4
  1399 | D:2      | Noticed Natasha
  1407 | D:2      | 1407 ||| Stepping ~*~*~tactically~*~*~ (retreating).
  1409 | D:2      | 1409 ||| Stepping ~*~*~tactically~*~*~ (retreating).
  1413 | D:2      | Killed Natasha
  1695 | D:2      | 1695 ||| UPGRADING to +0 ring mail.
  1705 | D:2      | 1705 ||| DROPPING +0 leather armour.
  1706 | D:2      | 1706 ||| READING scroll labelled AKKIDA LABATETZO.
  1707 | D:2      | 1707 ||| READING scroll labelled CIURIE DUACEF.
  1708 | D:2      | 1708 ||| READING scroll labelled JUISSE YBOSY.
  1906 | D:3      | Reached skill level 1 in Armour
  1906 | D:3      | Reached XP level 5. HP: 32/32 MP: 5/5
  1969 | D:3      | Found a faded altar of an unknown god.
  2225 | D:3      | Found a basalt altar of Yredelemnul.
  2431 | D:3      | 2431 ||| DRINKING 2 fizzy puce potions.
  2432 | D:3      | 2432 ||| DRINKING 2 inky potions.
  2433 | D:3      | 2433 ||| DRINKING 2 lumpy dark potions.
  2441 | D:3      | 2441 ||| DROPPING potion of ambrosia.
  2504 | D:4      | Noticed Blork the orc
  2514 | D:4      | Killed Blork the orc
  2515 | D:4      | Reached skill level 6 in Ranged Weapons
  2559 | D:4      | Found Foviext's Jewellery Boutique.
  2561 | D:4      | 2561 ||| SHOPLISTING amulet of reflection (330 gold, have
                  | 169).
  2561 | D:4      | 2561 ||| SHOPLISTING dreamshard necklace {Acrobat *Dream}
                  | (2200 gold, have 169).
  2561 | D:4      | 2561 ||| SHOPLISTING ring of protection from cold (275
                  | gold, have 169).
  2561 | D:4      | 2561 ||| SHOPLISTING ring of protection from fire (275
                  | gold, have 169).
  2712 | D:4      | Noticed Ijyb
  2717 | D:4      | 2717 ||| FLEEEEING.
  2718 | D:4      | 2718 ||| FLEEEEING.
  2720 | D:4      | 2720 ||| FLEEEEING.
  2721 | D:4      | 2721 ||| FLEEEEING.
  2722 | D:4      | 2722 ||| FLEEEEING.
  2723 | D:4      | 2723 ||| FLEEEEING.
  2725 | D:4      | 2725 ||| FLEEEEING.
  2726 | D:4      | 2726 ||| FLEEEEING.
  2727 | D:4      | 2727 ||| FLEEEEING.
  2728 | D:4      | 2728 ||| FLEEEEING.
  2730 | D:4      | 2730 ||| FLEEEEING.
  2731 | D:4      | 2731 ||| FLEEEEING.
  2732 | D:4      | 2732 ||| FLEEEEING.
  2734 | D:4      | 2734 ||| FLEEEEING.
  2735 | D:4      | 2735 ||| FLEEEEING.
  2736 | D:4      | 2736 ||| FLEEEEING.
  2738 | D:4      | 2738 ||| FLEEEEING.
  2739 | D:4      | 2739 ||| FLEEEEING.
  2740 | D:4      | 2740 ||| FLEEEEING.
  2742 | D:4      | 2742 ||| FLEEEEING.
  2743 | D:4      | 2743 ||| FLEEEEING.
  2744 | D:4      | 2744 ||| FLEEEEING.
  2746 | D:4      | 2746 ||| FLEEEEING.
  2747 | D:4      | 2747 ||| FLEEEEING.
  2748 | D:4      | 2748 ||| FLEEEEING.
  2750 | D:4      | 2750 ||| FLEEEEING.
  2751 | D:4      | 2751 ||| FLEEEEING.
  2752 | D:4      | 2752 ||| FLEEEEING.
  2753 | D:4      | 2753 ||| FLEEEEING.
  2755 | D:4      | 2755 ||| FLEEEEING.
  2757 | D:4      | 2757 ||| FLEEEEING.
  2758 | D:4      | 2758 ||| FLEEEEING.
  2759 | D:4      | 2759 ||| FLEEEEING.
  2760 | D:4      | 2760 ||| FLEEEEING.
  2762 | D:4      | 2762 ||| FLEEEEING.
  2763 | D:4      | 2763 ||| FLEEEEING.
  2764 | D:4      | 2764 ||| FLEEEEING.
  2765 | D:4      | 2765 ||| FLEEEEING.
  2766 | D:4      | 2766 ||| READING scroll labelled IPEUTU VEGICS.
  2767 | D:4      | 2767 ||| FLEEEEING.
  2768 | D:4      | 2768 ||| FLEEEEING.
  2769 | D:4      | 2769 ||| FLEEEEING.
  2775 | D:4      | 2775 ||| FLEEEEING.
  2776 | D:4      | 2776 ||| FLEEEEING.
  2777 | D:4      | 2777 ||| FLEEEEING.
  2778 | D:4      | 2778 ||| FLEEEEING.
  2779 | D:4      | 2779 ||| FLEEEEING.
  2781 | D:4      | 2781 ||| FLEEEEING.
  2782 | D:4      | 2782 ||| FLEEEEING.
  2783 | D:4      | 2783 ||| FLEEEEING.
  2787 | D:4      | Killed Ijyb
  2788 | D:4      | Reached XP level 6. HP: 24/37 MP: 6/6
  3060 | D:4      | Noticed Pikel
  3060 | D:4      | 3060 ||| RETREATING.
  3075 | D:4      | Killed Pikel
  3076 | D:4      | Reached skill level 8 in Ranged Weapons
  3076 | D:4      | Reached XP level 7. HP: 27/43 MP: 7/7
  3292 | D:4      | Noticed Eustachio
  3299 | D:4      | 3299 ||| Stepping ~*~*~tactically~*~*~ (retreating).
  3302 | D:4      | 3302 ||| Stepping ~*~*~tactically~*~*~ (retreating).
  3303 | D:4      | 3303 ||| Stepping ~*~*~tactically~*~*~ (retreating).
  3304 | D:4      | 3304 ||| Stepping ~*~*~tactically~*~*~ (retreating).
  3322 | D:4      | 3322 ||| FLEEEEING.
  3325 | D:4      | Killed Eustachio
  3326 | D:4      | Reached XP level 8. HP: 44/49 MP: 8/8
  3572 | D:4      | 3572 ||| UPGRADING to +1 robe of cold resistance.
  3582 | D:4      | 3582 ||| READING scroll labelled USSAME KEOXUG.
  3591 | D:5      | Entered Level 5 of the Dungeon
  3643 | D:5      | Found an ancient bone altar of Kikubaaqudgha.
  3743 | D:5      | Found a staircase to the Ecumenical Temple.
  3744 | D:5      | 3744 ||| PLANNING TEMPLE
  3744 | D:5      | 3744 ||| DRINKING 2 green potions.
  3751 | Temple   | Entered the Ecumenical Temple
  3752 | Temple   | 3752 ||| PLANNING OKAWARU WORSHIP
  3774 | Temple   | Became a worshipper of Warmaster Okawaru
  3775 | Temple   | 3775 ||| PLANNING D:1-11
  3864 | D:5      | Noticed Duvessa
  3864 | D:5      | Noticed Dowan
  3869 | D:5      | Killed Duvessa
  3875 | D:5      | Killed Dowan
  3876 | D:5      | Reached skill level 9 in Ranged Weapons
  4055 | D:5      | Reached skill level 6 in Fighting
  4130 | D:5      | 4130 ||| Stepping ~*~*~tactically~*~*~ (retreating).
  4194 | D:5      | Reached * piety under Okawaru
  4221 | D:5      | Reached skill level 1 in Invocations
  4233 | D:5      | Noticed Edmund
  4234 | D:5      | 4234 ||| INVOKING Heroism.
  4238 | D:5      | Killed Edmund
  4239 | D:5      | Reached skill level 10 in Ranged Weapons
  4239 | D:5      | Reached XP level 9. HP: 55/55 MP: 7/10
  4286 | D:5      | Noticed Grinder
  4287 | D:5      | 4287 ||| INVOKING Heroism.
  4292 | D:5      | Paralysed by Grinder for 5 turns
  4308 | D:5      | Paralysed by Grinder for 2 turns
  4312 | D:5      | Killed Grinder
  4313 | D:5      | Reached skill level 3 in Dodging
  4356 | D:5      | Found a runed translucent door.
  4357 | D:5      | Noticed Crazy Yiuf
  4496 | D:5      | 4496 ||| DRINKING 2 fuming golden potions.
  4497 | D:5      | 4497 ||| DROPPING potion of brilliance.
  4551 | D:6      | Reached skill level 3 in Invocations
  4553 | D:6      | Identified the +9 whip "Gaamu" {flame, rPois Will+ rCorr
                  | Int-2}
  4556 | D:6      | 4556 ||| INVOKING Heroism.
  4557 | D:6      | 4557 ||| Stepping ~*~*~tactically~*~*~ (outnumbered).
  4558 | D:6      | 4558 ||| Stepping ~*~*~tactically~*~*~ (outnumbered).
  4559 | D:6      | 4559 ||| RETREATING.
  4577 | D:6      | 4577 ||| INVOKING Heroism.
  4586 | D:6      | 4586 ||| STAIRDANCE
  4654 | D:6      | 4654 ||| STAIRDANCE
  4721 | D:6      | 4721 ||| STAIRDANCE
  4839 | D:6      | 4839 ||| INVOKING Heroism.
  4893 | D:6      | 4893 ||| RETREATING.
  4911 | D:6      | 4911 ||| INVOKING Heroism.
  4917 | D:6      | Reached ** piety under Okawaru
  4923 | D:6      | Reached skill level 11 in Ranged Weapons
  4929 | D:6      | Reached XP level 10. HP: 29/64 MP: 11/13
  5222 | D:6      | 5222 ||| INVOKING Heroism.
  5350 | D:6      | Found a sparkling altar of Nemelex Xobeh.
  5404 | D:6      | 5404 ||| READING scroll labelled NONWOXAZIDU.
  5405 | D:6      | 5405 ||| DRINKING 2 brown potions.
  5406 | D:6      | 5406 ||| DRINKING 2 ruby potions.
  5407 | D:6      | 5407 ||| DROPPING potion of attraction.
  5433 | D:7      | You fall into a shaft and drop 1 floor!
  5434 | D:8      | Noticed Gastronok
  5435 | D:8      | 5435 ||| INVOKING Heroism.
  5465 | D:8      | Killed Gastronok
  5465 | D:8      | Reached *** piety under Okawaru
  5466 | D:8      | Reached skill level 12 in Ranged Weapons
  5830 | D:7      | 5830 ||| SWAPPING to +0 orcbow.
  5845 | D:7      | 5845 ||| INVOKING Heroism.
  5867 | D:7      | 5867 ||| DROPPING +2 shortbow of electrocution.
  5874 | D:7      | Reached skill level 13 in Ranged Weapons
  5971 | D:7      | 5971 ||| READING scroll of brand weapon.
  5971 | D:7      | 5971 ||| BRANDING +0 orcbow.
  6236 | D:8      | Noticed Joseph
  6238 | D:8      | 6238 ||| FLEEEEING.
  6253 | D:8      | 6253 ||| INVOKING Heroism.
  6253 | D:8      | HP: 8/65 [Joseph/sling bullet (26)]
  6254 | D:8      | 6254 ||| READING 2 scrolls of teleportation.
  6255 | D:8      | 6255 ||| DRINKING 4 potions of heal wounds.
  6256 | D:8      | 6256 ||| DRINKING 3 potions of heal wounds.
  6265 | D:8      | HP: 9/65 [Joseph/sling bullet (16)]
  6266 | D:8      | 6266 ||| READING scroll of teleportation.
  6267 | D:8      | 6267 ||| DRINKING 2 potions of heal wounds.
  6269 | D:8      | 6269 ||| DRINKING potion of heal wounds.
  6391 | D:8      | Noticed a two-headed ogre
  6392 | D:8      | 6392 ||| INVOKING Heroism.
  6405 | D:8      | Killed a two-headed ogre
  6406 | D:8      | Reached skill level 9 in Fighting
  6527 | D:8      | 6527 ||| FLEEEEING.
  6534 | D:8      | 6534 ||| INVOKING Heroism.
  6536 | D:8      | Killed Joseph
  6537 | D:8      | Reached XP level 11. HP: 29/71 MP: 11/14
  6609 | D:8      | 6609 ||| FLEEEEING.
  6610 | D:8      | 6610 ||| FLEEEEING.
  6611 | D:8      | 6611 ||| FLEEEEING.
  6617 | D:8      | 6617 ||| FLEEEEING.
  6622 | D:8      | 6622 ||| STAIRDANCE
  6679 | D:8      | 6679 ||| INVOKING Heroism.
  6740 | D:8      | 6740 ||| Stepping ~*~*~tactically~*~*~ (retreating).
  6748 | D:8      | 6748 ||| INVOKING Heroism.
  6776 | D:8      | 6776 ||| FLEEEEING.
  6777 | D:8      | 6777 ||| FLEEEEING.
  6778 | D:8      | 6778 ||| FLEEEEING.
  6779 | D:8      | 6779 ||| FLEEEEING.
  6780 | D:8      | 6780 ||| FLEEEEING.
  6781 | D:8      | 6781 ||| FLEEEEING.
  6782 | D:8      | 6782 ||| FLEEEEING.
  6783 | D:8      | 6783 ||| FLEEEEING.
  6784 | D:8      | 6784 ||| FLEEEEING.
  6785 | D:8      | 6785 ||| FLEEEEING.
  6786 | D:8      | 6786 ||| FLEEEEING.
  6787 | D:8      | 6787 ||| FLEEEEING.
  6788 | D:8      | 6788 ||| FLEEEEING.
  6789 | D:8      | 6789 ||| FLEEEEING.
  6790 | D:8      | 6790 ||| FLEEEEING.
  6791 | D:8      | 6791 ||| FLEEEEING.
  6792 | D:8      | 6792 ||| FLEEEEING.
  6793 | D:8      | 6793 ||| FLEEEEING.
  6794 | D:8      | 6794 ||| FLEEEEING.
  6795 | D:8      | 6795 ||| FLEEEEING.
  6796 | D:8      | 6796 ||| STAIRDANCE
  6829 | D:7      | 6829 ||| READING scroll labelled ZUNIQU JUOCI.
  7114 | D:8      | 7114 ||| READING scroll labelled LUCRIG OHEOPNIA.
  7115 | D:8      | 7115 ||| DRINKING 3 bubbling cyan potions.
  7116 | D:8      | 7116 ||| READING 3 scrolls of identify.
  7116 | D:8      | 7116 ||| IDENTIFYING cyan potion
  7117 | D:8      | 7117 ||| READING 2 scrolls of identify.
  7117 | D:8      | 7117 ||| IDENTIFYING metallic orange potion
  7118 | D:8      | 7118 ||| DROPPING potion of invisibility.
  7182 | D:9      | Found a glowing silver altar of Zin.
  7182 | D:9      | Found a burning altar of Makhleb.
  7183 | D:9      | Noticed a green death
  7183 | D:9      | Noticed an angel
  7188 | D:9      | 7188 ||| INVOKING Heroism.
  7211 | D:9      | Noticed Erica
  7212 | D:9      | 7212 ||| INVOKING Heroism.
  7216 | D:9      | 7216 ||| RETREATING.
  7220 | D:9      | Killed Erica
  7220 | D:9      | Reached **** piety under Okawaru
  7221 | D:9      | Reached skill level 14 in Ranged Weapons
  7248 | D:9      | 7248 ||| INVOKING Heroism.
  7501 | D:9      | Noticed a two-headed ogre
  7502 | D:9      | 7502 ||| INVOKING Heroism.
  7504 | D:9      | Killed a two-headed ogre
  7521 | D:9      | Found a white marble altar of Elyvilon.
  7619 | D:9      | Found a flagged portal.
  7670 | D:9      | 7670 ||| INVOKING Heroism.
  7672 | D:9      | 7672 ||| Stepping ~*~*~tactically~*~*~ (cloud).
  7673 | D:9      | 7673 ||| Stepping ~*~*~tactically~*~*~ (cloud).
  7795 | D:9      | Found a shimmering blue altar of Sif Muna.
  7914 | D:9      | Found a hazy altar of Hepliaklqana.
  8198 | D:9      | 8198 ||| UPGRADING to +0 pair of gloves.
  8209 | D:10     | Entered Level 10 of the Dungeon
  8297 | D:10     | Noticed Josephine
  8312 | D:10     | 8312 ||| INVOKING Heroism.
  8330 | D:10     | Killed Josephine
  8432 | D:10     | 8432 ||| Stepping ~*~*~tactically~*~*~ (outnumbered).
  8439 | D:10     | 8439 ||| Stepping ~*~*~tactically~*~*~ (outnumbered).
  8519 | D:10     | Noticed Lodul
  8532 | D:10     | 8532 ||| INVOKING Heroism.
  8533 | D:10     | Killed Lodul
  8551 | D:10     | Reached skill level 6 in Invocations
  8679 | D:10     | Noticed a two-headed ogre
  8680 | D:10     | 8680 ||| RETREATING.
  8759 | D:10     | 8759 ||| Stepping ~*~*~tactically~*~*~ (retreating).
  8764 | D:10     | 8764 ||| Stepping ~*~*~tactically~*~*~ (retreating).
  8766 | D:10     | 8766 ||| INVOKING Heroism.
  8780 | D:10     | HP: 15/72 [centaur (4)]
  8781 | D:10     | 8781 ||| READING scroll of teleportation.
  8987 | D:10     | Reached XP level 12. HP: 77/77 MP: 16/16
  9076 | D:10     | 9076 ||| RETREATING.
  9204 | D:10     | Killed a two-headed ogre
  9234 | D:10     | 9234 ||| RETREATING.
  9240 | D:10     | 9240 ||| Stepping ~*~*~tactically~*~*~ (retreating).
  9249 | D:10     | 9249 ||| Stepping ~*~*~tactically~*~*~ (retreating).
  9250 | D:10     | 9250 ||| Stepping ~*~*~tactically~*~*~ (retreating).
  9251 | D:10     | 9251 ||| Stepping ~*~*~tactically~*~*~ (retreating).
  9270 | D:10     | 9270 ||| INVOKING Heroism.
  9402 | D:10     | 9402 ||| Stepping ~*~*~tactically~*~*~ (outnumbered).
  9446 | D:10     | 9446 ||| UPGRADING to +4 ring of slaying {mikee}.
  9447 | D:10     | 9447 ||| DRINKING 2 murky black potions.
  9491 | D:11     | Reached skill level 15 in Ranged Weapons
  9505 | D:11     | 9505 ||| READING scroll of enchant armour.
  9505 | D:11     | 9505 ||| ENCHANTING +0 pair of gloves.
  9565 | D:11     | Noticed a two-headed ogre
  9566 | D:11     | 9566 ||| RETREATING.
  9579 | D:11     | 9579 ||| INVOKING Heroism.
  9580 | D:11     | 9580 ||| Stepping ~*~*~tactically~*~*~ (retreating).
  9581 | D:11     | 9581 ||| Stepping ~*~*~tactically~*~*~ (retreating).
  9584 | D:11     | Killed a two-headed ogre
  9712 | D:11     | 9712 ||| RETREATING.
  9720 | D:11     | Reached ***** piety under Okawaru
  9724 | D:11     | 9724 ||| Stepping ~*~*~tactically~*~*~ (retreating).
  9727 | D:11     | 9727 ||| INVOKING Heroism.
  9787 | D:11     | 9787 ||| FLEEEEING.
  9788 | D:11     | 9788 ||| FLEEEEING.
  9789 | D:11     | 9789 ||| FLEEEEING.
  9790 | D:11     | 9790 ||| FLEEEEING.
  9923 | D:11     | Found a staircase to the Lair.
  9947 | D:11     | 9947 ||| INVOKING Heroism.
 10040 | D:11     | 10040 ||| FLEEEEING.
 10041 | D:11     | 10041 ||| FLEEEEING.
 10042 | D:11     | 10042 ||| FLEEEEING.
 10073 | D:11     | 10073 ||| READING scroll of brand weapon.
 10073 | D:11     | 10073 ||| BRANDING +0 orcbow of freezing.
 10100 | D:11     | 10100 ||| Stepping ~*~*~tactically~*~*~ (retreating).
 10222 | D:11     | 10222 ||| INVOKING Heroism.
 10224 | D:11     | Reached skill level 9 in Invocations
 10224 | D:11     | 10224 ||| FLEEEEING.
 10225 | D:11     | 10225 ||| FLEEEEING.
 10257 | D:11     | 10257 ||| FLEEEEING.
 10359 | D:11     | Noticed Fannar
 10360 | D:11     | 10360 ||| RETREATING.
 10386 | D:11     | 10386 ||| Stepping ~*~*~tactically~*~*~ (retreating).
 10395 | D:11     | 10395 ||| INVOKING Heroism.
 10397 | D:11     | Killed Fannar
 10600 | D:11     | 10600 ||| Stepping ~*~*~tactically~*~*~ (outnumbered).
 10601 | D:11     | 10601 ||| Stepping ~*~*~tactically~*~*~ (outnumbered).
 10685 | D:11     | 10685 ||| INVOKING Heroism.
 10707 | D:11     | Noticed Harold
 10715 | D:11     | 10715 ||| INVOKING Heroism.
 10719 | D:11     | Killed Harold
 10719 | D:11     | HP: 19/77 [green ugly thing (2)]
 10722 | D:11     | HP: 9/77 [green ugly thing (1)]
 10973 | D:11     | Found a staircase to the Orcish Mines.
 11048 | D:11     | 11048 ||| RETREATING.
 11070 | D:11     | 11070 ||| RETREATING.
 11078 | D:11     | Reached skill level 16 in Ranged Weapons
 11485 | D:11     | 11485 ||| PLANNING LAIR
 11485 | D:11     | 11485 ||| DROPPING +0 robe of willpower.
 11486 | D:11     | 11486 ||| DROPPING +0 ring mail.
 11487 | D:11     | 11487 ||| UPGRADING to +0 troll leather armour.
 11497 | D:11     | 11497 ||| DROPPING +1 robe of cold resistance.
 11498 | D:11     | 11498 ||| READING scroll labelled ZISEIPLAYL.
 11536 | Lair:1   | Entered Level 1 of the Lair of Beasts
 11537 | Lair:1   | 11537 ||| RETREATING.
 11539 | Lair:1   | 11539 ||| Stepping ~*~*~tactically~*~*~ (retreating).
 11540 | Lair:1   | 11540 ||| Stepping ~*~*~tactically~*~*~ (retreating).
 11541 | Lair:1   | 11541 ||| Stepping ~*~*~tactically~*~*~ (retreating).
 11542 | Lair:1   | 11542 ||| Stepping ~*~*~tactically~*~*~ (retreating).
 11543 | Lair:1   | 11543 ||| INVOKING Heroism.
 11550 | Lair:1   | Reached skill level 3 in Armour
 11550 | Lair:1   | Reached XP level 13. HP: 21/83 MP: 18/20
 11550 | Lair:1   | HP: 18/83 [cane toad (4)]
 11551 | Lair:1   | HP: 8/83 [cane toad (12)]
 11558 | Lair:1   | HP: 14/83 [bullfrog (2)]
 11679 | Lair:1   | 11679 ||| INVOKING Heroism.
 11731 | Lair:1   | 11731 ||| RETREATING.
 11733 | Lair:1   | 11733 ||| Stepping ~*~*~tactically~*~*~ (retreating).
 11735 | Lair:1   | 11735 ||| Stepping ~*~*~tactically~*~*~ (retreating).
 11736 | Lair:1   | 11736 ||| Stepping ~*~*~tactically~*~*~ (retreating).
 11737 | Lair:1   | 11737 ||| Stepping ~*~*~tactically~*~*~ (retreating).
 11738 | Lair:1   | 11738 ||| Stepping ~*~*~tactically~*~*~ (retreating).
 11747 | Lair:1   | 11747 ||| INVOKING Heroism.
 11765 | Lair:1   | Reached skill level 6 in Dodging
 11849 | Lair:1   | 11849 ||| READING scroll of enchant weapon.
 11849 | Lair:1   | 11849 ||| ENCHANTING +0 heavy orcbow.
 12085 | Lair:1   | Found a runed translucent door.
 12415 | Lair:1   | 12415 ||| UPGRADING to amulet of the acrobat.
 12420 | Lair:1   | 12420 ||| UPGRADING to +6 ring of strength.
 12421 | Lair:1   | 12421 ||| READING 4 scrolls of identify.
 12421 | Lair:1   | 12421 ||| IDENTIFYING murky sapphire potion
 12570 | Lair:2   | Found a bloodstained altar of Trog.
 12602 | Lair:2   | You fall into a shaft and drop 2 floors!
 12603 | Lair:4   | 12603 ||| INVOKING Heroism.
 12649 | Lair:4   | Reached skill level 12 in Fighting
 12650 | Lair:4   | 12650 ||| RETREATING.
 12740 | Lair:4   | 12740 ||| RETREATING.
 12778 | Lair:4   | Reached ****** piety under Okawaru
 12840 | Lair:4   | 12840 ||| READING 3 scrolls of identify.
 12840 | Lair:4   | 12840 ||| IDENTIFYING red potion
 12841 | Lair:4   | 12841 ||| DROPPING potion of degeneration.
 12851 | Lair:3   | 12851 ||| INVOKING Heroism.
 12862 | Lair:3   | Identified the +0 pair of boots of Okawaru's Hatred {+Inv
                  | rF+ Str+3} (Okawaru gifted it to you on level 3 of the Lair
                  | of Beasts)
 12862 | Lair:3   | Received a gift from Okawaru
 12967 | Lair:3   | 12967 ||| INVOKING Heroism.
 12985 | Lair:3   | 12985 ||| UPGRADING to +0 pair of boots of Okawaru's Hatred
                  | {+Inv rF+ Str+3}.
 13065 | Lair:3   | 13065 ||| INVOKING Heroism.
 13079 | Lair:3   | 13079 ||| INVOKING Finesse.
 13138 | Lair:3   | 13138 ||| RETREATING.
 13145 | Lair:3   | Reached skill level 6 in Armour
 13156 | Lair:3   | 13156 ||| Stepping ~*~*~tactically~*~*~ (retreating).
 13157 | Lair:3   | 13157 ||| Stepping ~*~*~tactically~*~*~ (retreating).
 13158 | Lair:3   | 13158 ||| Stepping ~*~*~tactically~*~*~ (retreating).
 13159 | Lair:3   | 13159 ||| Stepping ~*~*~tactically~*~*~ (retreating).
 13160 | Lair:3   | 13160 ||| Stepping ~*~*~tactically~*~*~ (retreating).
 13161 | Lair:3   | 13161 ||| Stepping ~*~*~tactically~*~*~ (retreating).
 13162 | Lair:3   | 13162 ||| Stepping ~*~*~tactically~*~*~ (retreating).
 13207 | Lair:2   | 13207 ||| RETREATING.
 13212 | Lair:2   | 13212 ||| Stepping ~*~*~tactically~*~*~ (retreating).
 13215 | Lair:2   | 13215 ||| Stepping ~*~*~tactically~*~*~ (retreating).
 13216 | Lair:2   | 13216 ||| INVOKING Heroism.
 13219 | Lair:2   | Gained mutation: Your large and strong wings let you fly.
                  | [Gargoyle growth]
 13219 | Lair:2   | Reached XP level 14. HP: 91/94 MP: 18/21
 13233 | Lair:2   | 13233 ||| INVOKING Heroism.
 13312 | Lair:2   | Found a staircase to the Shoals.
 13313 | Lair:2   | 13313 ||| RETREATING.
 13377 | Lair:2   | 13377 ||| RETREATING.
 13380 | Lair:2   | 13380 ||| Stepping ~*~*~tactically~*~*~ (retreating).
 13811 | Lair:2   | 13811 ||| Stepping ~*~*~tactically~*~*~ (outnumbered).
 14018 | Lair:3   | 14018 ||| INVOKING Heroism.
 14090 | Lair:3   | 14090 ||| RETREATING.
 14160 | Lair:3   | 14160 ||| INVOKING Heroism.
 14266 | Lair:3   | Found a hole to the Spider Nest.
 14269 | Lair:3   | 14269 ||| RETREATING.
 14570 | Lair:4   | Received a gift from Okawaru
 14572 | Lair:4   | 14572 ||| SWAPPING to +1 arbalest of flaming.
 14573 | Lair:4   | 14573 ||| DROPPING +1 heavy orcbow.
 14654 | Lair:4   | Found a staircase to the Slime Pits.
 14654 | Lair:4   | Found a viscous altar of Jiyva.
 14656 | Lair:4   | 14656 ||| FLEEEEING.
 14657 | Lair:4   | 14657 ||| FLEEEEING.
 14658 | Lair:4   | 14658 ||| FLEEEEING.
 14659 | Lair:4   | 14659 ||| FLEEEEING.
 14660 | Lair:4   | 14660 ||| FLEEEEING.
 14661 | Lair:4   | 14661 ||| FLEEEEING.
 14662 | Lair:4   | 14662 ||| FLEEEEING.
 14663 | Lair:4   | 14663 ||| FLEEEEING.
 14664 | Lair:4   | 14664 ||| FLEEEEING.
 14665 | Lair:4   | 14665 ||| FLEEEEING.
 14666 | Lair:4   | 14666 ||| FLEEEEING.
 14667 | Lair:4   | 14667 ||| STAIRDANCE
 14771 | Lair:4   | 14771 ||| STAIRDANCE
 14787 | Lair:4   | 14787 ||| Stepping ~*~*~tactically~*~*~ (retreating).
 14788 | Lair:4   | 14788 ||| INVOKING Heroism.
 14989 | Lair:4   | 14989 ||| READING scroll of brand weapon.
 14989 | Lair:4   | 14989 ||| BRANDING +1 arbalest of flaming.
 15224 | Lair:5   | Entered Level 5 of the Lair of Beasts
 15229 | Lair:5   | 15229 ||| STAIRDANCE
 15242 | Lair:5   | 15242 ||| STAIRDANCE
 15348 | Lair:5   | 15348 ||| Stepping ~*~*~tactically~*~*~ (retreating).
 15386 | Lair:5   | 15386 ||| Stepping ~*~*~tactically~*~*~ (retreating).
 15387 | Lair:5   | 15387 ||| Stepping ~*~*~tactically~*~*~ (retreating).
 15388 | Lair:5   | 15388 ||| Stepping ~*~*~tactically~*~*~ (retreating).
 15424 | Lair:5   | 15424 ||| Stepping ~*~*~tactically~*~*~ (retreating).
 15425 | Lair:5   | 15425 ||| Stepping ~*~*~tactically~*~*~ (retreating).
 15647 | Lair:5   | 15647 ||| RETREATING.
 15649 | Lair:5   | 15649 ||| Stepping ~*~*~tactically~*~*~ (retreating).
 15650 | Lair:5   | 15650 ||| Stepping ~*~*~tactically~*~*~ (retreating).
 15651 | Lair:5   | 15651 ||| Stepping ~*~*~tactically~*~*~ (retreating).
 15655 | Lair:5   | 15655 ||| Stepping ~*~*~tactically~*~*~ (retreating).
 15657 | Lair:5   | 15657 ||| INVOKING Heroism.
 15665 | Lair:5   | Reached skill level 17 in Ranged Weapons
 15681 | Lair:5   | Received a gift from Okawaru
 15973 | Lair:5   | 15973 ||| INVOKING Heroism.
 16022 | Lair:5   | 16022 ||| INVOKING Finesse.
 16031 | Lair:5   | 16031 ||| Stepping ~*~*~tactically~*~*~ (retreating).
 16044 | Lair:5   | 16044 ||| INVOKING Heroism.
 16091 | Lair:5   | 16091 ||| INVOKING Finesse.
 16092 | Lair:5   | 16092 ||| INVOKING Heroism.
 16168 | Lair:5   | 16168 ||| INVOKING Heroism.
 16180 | Lair:5   | 16180 ||| INVOKING Heroism.
 16279 | Lair:5   | 16279 ||| PLANNING D
 16279 | Lair:5   | 16279 ||| READING 5 scrolls of identify.
 16279 | Lair:5   | 16279 ||| IDENTIFYING fuming emerald potion
 16415 | D:12     | 16415 ||| INVOKING Heroism.
 16416 | D:12     | Received a gift from Okawaru
 16446 | D:12     | 16446 ||| SWAPPING to +6 longbow.
 16447 | D:12     | 16447 ||| DROPPING +1 arbalest of freezing.
 16505 | D:12     | 16505 ||| Stepping ~*~*~tactically~*~*~ (outnumbered).
 16532 | D:12     | 16532 ||| INVOKING Heroism.
 16535 | D:12     | Reached skill level 18 in Ranged Weapons
 16578 | D:12     | Reached XP level 15. HP: 100/100 MP: 22/22
 16733 | D:12     | 16733 ||| INVOKING Heroism.
 17256 | D:12     | 17256 ||| UPGRADING to ring of see invisible.
 17258 | D:12     | 17258 ||| DROPPING ring of positive energy.
 17259 | D:12     | 17259 ||| DRINKING 2 amethyst potions.
 17295 | D:12     | 17295 ||| DROPPING potion of lignification.
 17366 | D:13     | 17366 ||| READING scroll of enchant armour.
 17366 | D:13     | 17366 ||| ENCHANTING +1 pair of gloves.
 17384 | D:13     | 17384 ||| INVOKING Heroism.
 17492 | D:13     | 17492 ||| Stepping ~*~*~tactically~*~*~ (retreating).
 17493 | D:13     | Identified the +0 orcbow of the Bear {antimagic, rPois rC+
                  | Int+4} (Okawaru gifted it to you on level 13 of the
                  | Dungeon)
 17493 | D:13     | Received a gift from Okawaru
 17518 | D:13     | 17518 ||| INVOKING Heroism.
 17626 | D:13     | 17626 ||| INVOKING Heroism.
 17700 | D:13     | 17700 ||| FLEEEEING.
 17701 | D:13     | 17701 ||| FLEEEEING.
 17702 | D:13     | 17702 ||| FLEEEEING.
 17754 | D:13     | Reached skill level 19 in Ranged Weapons
 17888 | D:13     | 17888 ||| INVOKING Heroism.
 17916 | D:13     | Found a gate to the Vaults.
 18002 | D:13     | 18002 ||| READING scroll labelled EPHIOV EMOARCH.
 18036 | D:14     | 18036 ||| RETREATING.
 18038 | D:14     | 18038 ||| Stepping ~*~*~tactically~*~*~ (retreating).
 18039 | D:14     | 18039 ||| Stepping ~*~*~tactically~*~*~ (retreating).
 18050 | D:14     | 18050 ||| FLEEEEING.
 18051 | D:14     | 18051 ||| FLEEEEING.
 18052 | D:14     | 18052 ||| FLEEEEING.
 18055 | D:14     | 18055 ||| Stepping ~*~*~tactically~*~*~ (retreating).
 18056 | D:14     | 18056 ||| Stepping ~*~*~tactically~*~*~ (retreating).
 18060 | D:14     | 18060 ||| Stepping ~*~*~tactically~*~*~ (outnumbered).
 18067 | D:14     | 18067 ||| INVOKING Heroism.
 18083 | D:14     | 18083 ||| Stepping ~*~*~tactically~*~*~ (retreating).
 18092 | D:14     | HP: 25/100 [orange demon (6)]
 18093 | D:14     | 18093 ||| READING scroll of teleportation.
 18093 | D:14     | HP: 11/100 [sixfirhy (3)]
 18094 | D:14     | 18094 ||| DRINKING 2 potions of heal wounds.
 18102 | D:14     | 18102 ||| RETREATING.
 18106 | D:14     | HP: 25/100 [centaur warrior/arrow (3)]
 18107 | D:14     | 18107 ||| DRINKING potion of heal wounds.
 18110 | D:14     | 18110 ||| Stepping ~*~*~tactically~*~*~ (outnumbered).
 18116 | D:14     | HP: 25/100 [skeletal warrior/+0 hand axe[a death knight]
                  | (7)]
 18119 | D:14     | 18119 ||| INVOKING Heroism.
 18119 | D:14     | HP: 4/100 [death knight/+0 battleaxe (12)]
 18119 | D:14     | Demolished by a skeletal warrior

Levels and vault maps discovered:
D:1:      onia_arrival_pyramid, layout_basic
D:2:      layout_basic, minmay_increasing_density, uniq_jessica, uniq_natasha
D:3:      layout_basic, nicolae_overflow_crystal_walls,
          shapermc_ecumenical_altar_starsandcircs, nicolae_hexahallways,
          nrook_campfire
D:4:      layout_loops_corners, serial_shops, nicolae_shop_gaudy_bauble,
          uniq_blork_the_orc, uniq_ijyb, uniq_pikel, uniq_eustachio
D:5:      minmay_angry_zag, layout_basic, mainiacjoe_overflow_paths,
          minmay_temple_entry_hall, uniq_edmund, uniq_grinder,
          uniq_crazy_yiuf_cottage, uniq_duvessa
D:6:      layout_rooms, nemelex_diamond_rough_becter
D:7:      layout_basic
D:8:      layout_gridville, uniq_joseph, uniq_gastronok
D:9:      layout_basic, kennysheep_mini_moat, nzn_hepliaklqana_mist_gate,
          mainiacjoe_overflow_catwalk, grunt_temple_overflow_order_and_chaos_2,
          enter_bailey_8, feat_on_display, uniq_erica
D:10:     layout_roguey, minmay_misc_feat_doors, st_stairs_5, minmay_nine_imps,
          uniq_lodul, uniq_josephine
D:11:     layout_cave_pods, due_lair_maze_entry_diamond, hiddenorc2_lemuel,
          uniq_harold, uniq_fannar
D:12:     layout_irregular_city, serial_column_ruins,
          column_ruins_columns_corner, column_ruins_columns_straight,
          column_ruins_grid_1, column_ruins_grid_1
D:13:     layout_cave_pools, david_vaults_4
D:14:     layout_rooms, glass_columns_a, serial_demonic, serial_demonic_c,
          serial_demonic_c, serial_demonic_b, serial_demonic_g
Temple:   minmay_temple_curvy_branch
Lair:1:   gammafunk_lair_enchanted_lake, layout_regular_city,
          serial_bayou_pond_d
Lair:2:   layout_regular_city, elwin_shoals_entry_stream, basic_altar,
          lemuel_fruit_tree
Lair:3:   layout_cave_shapes, spider_nest_entry_funnel_web, lemuel_fruit_fields,
          grunt_megastairs_4
Lair:4:   layout_cave_pods, minmay_slime_entry_pillars, grunt_megastairs_3
Lair:5:   grunt_lair_end_beastmaster, layout_gridlike

Skill      XL: |  1  2  3  4  5  6  7  8  9 10 11 12 13 14 15 |
---------------+----------------------------------------------+-----
Ranged Weapons | 5 6 8 10 11 13 14 16 18 19 | 19.5
Fighting       | 3 4 5 6 7 9 10 13 14 | 14.3
Armour         | 1 2 3 6 |  6.0
Dodging        | 2 3 4 5 7 8 |  8.1
Invocations    | 2 4 6 10 | 10.0
Stealth        | |  1.1

Action                     |  1- 3 |  4- 6 |  7- 9 | 10-12 | 13-15 || total
---------------------------+-------+-------+-------+-------+-------++-------
   Fire: Shortbow          |    93 |    93 |   200 |   117 |       ||   503
         Orcbow            |       |       |       |   744 |   421 ||  1165
         Arbalest          |       |       |       |       |   269 ||   269
         Longbow           |       |       |       |       |   262 ||   262
 Invoke: Heroism           |       |       |     6 |    25 |    26 ||    57
         Finesse           |       |       |       |       |     3 ||     3
    Use: Scroll            |     5 |     4 |     1 |    12 |     8 ||    30
         Potion            |       |     3 |     2 |     8 |     3 ||    16
 Armour: Leather armour    |    43 |    17 |       |       |       ||    60
         Ring mail         |       |    21 |    13 |       |       ||    34
         Skin              |       |     4 |       |       |       ||     4
         Robe              |       |       |    29 |   256 |       ||   285
         Troll leather arm |       |       |       |    15 |   535 ||   550
  Dodge: Dodged            |    40 |    26 |    34 |   319 |   649 ||  1068

Table legend:
 A = Non-vault XP
 B = Vault XP
 C = Vault XP percentage of total XP
 D = Non-vault monster count
 E = Vault monster count
 F = Vault count percentage of total count
                 A         B        C        D         E       F
            +---------+---------+-------+---------+---------+-------
      Total |   74440 |   33083 |  30.8 |     408 |     142 |  25.8
            +---------+---------+-------+---------+---------+-------
        D:1 |      21 |       0 |   0.0 |      12 |       0 |   0.0
        D:2 |      56 |      77 |  57.9 |      17 |       5 |  22.7
        D:3 |      46 |       0 |   0.0 |      14 |       0 |   0.0
        D:4 |      79 |     989 |  92.6 |      12 |       4 |  25.0
        D:5 |     826 |     848 |  50.7 |      13 |       8 |  38.1
        D:6 |    2445 |       0 |   0.0 |      31 |       0 |   0.0
        D:7 |    1058 |       0 |   0.0 |      18 |       0 |   0.0
        D:8 |    2295 |    1883 |  45.1 |      24 |       2 |   7.7
        D:9 |    2647 |     826 |  23.8 |      18 |       1 |   5.3
       D:10 |    3430 |    3825 |  52.7 |      25 |      24 |  49.0
       D:11 |    6416 |    3669 |  36.4 |      34 |      44 |  56.4
       D:12 |    7451 |       0 |   0.0 |      21 |       0 |   0.0
       D:13 |    8492 |    1440 |  14.5 |      23 |       2 |   8.0
       D:14 |    5133 |    1926 |  27.3 |      10 |       3 |  23.1
     Lair:1 |    5007 |    2160 |  30.1 |      19 |       5 |  20.8
     Lair:2 |    5970 |    1409 |  19.1 |      25 |       4 |  13.8
     Lair:3 |    9367 |    3379 |  26.5 |      37 |      12 |  24.5
     Lair:4 |    7128 |    1520 |  17.6 |      26 |       8 |  23.5
     Lair:5 |    6573 |    9132 |  58.1 |      29 |      20 |  40.8
            +---------+---------+-------+---------+---------+-------
